 Dungeon Crawl Stone Soup version 0.31.0-11-ge490571c62 (webtiles) character file.

Game seed: 12036342747426050663

218 DemonSlayer the Digger (level 5, 0/35 HPs)
             Began as a Demonspawn Earth Elementalist on Jan 30, 2024.
             Slain by a phantom (4 damage)
             ... on level 5 of the Dungeon.
             The game lasted 00:04:04 (2277 turns).

DemonSlayer the Digger (DsEE)                       Turns: 2277, Time: 00:04:04

Health: 0/35       AC:  2    Str:  9    XL:     5   Next: 63%
Magic:  1/10       EV: 12    Int: 15    God:
Gold:   127        SH:  0    Dex: 15    Spells: 7/11 levels left

rFire   . . .        h - +0 dagger
rCold   . . .        (no shield)
rNeg    . . .        a - +0 robe
rPois   .            (no helmet)
rElec   .            (no cloak)
rCorr   .            (no gloves)
SInv    .            (no boots)
Will    .....        (no amulet)
Stlth   ++           (no ring)
HPRegen 0.25/turn    (no ring)
MPRegen 0.12/turn

%: no passive effects
@: mighty, weak-willed, enlightened, flying
A: demonic guardian 1, demonic touch 2
a: no special abilities


You were on level 5 of the Dungeon.
You visited 1 branch of the dungeon, and saw 4 of its levels.

You collected 127 gold pieces.

Inventory:

Hand Weapons
 h - a +0 dagger (weapon)
Armour
 a - a +0 robe (worn)
Jewellery
 i - a ring of positive energy
Scrolls
 b - a scroll of immolation
 c - a scroll of amnesia {unknown}
 d - a scroll of teleportation {unknown}
 f - a scroll of identify
Potions
 k - a potion of berserk rage {unknown}


   Skills:
 + Level 0.3 Fighting
 + Level 1.9 Dodging
 + Level 1.9 Stealth
 + Level 3.8 Spellcasting
 + Level 1.0 Conjurations
 + Level 4.6 Earth Magic


You had 7 spell levels left.
You knew the following spells:

 Your Spells              Type           Power      Damage    Failure   Level
a - Sandblast             Erth           32%        2d9       2%          1
b - Stone Arrow           Conj/Erth      22%        3d8       17%         3

Your spell library contained the following spells:

 Spells                   Type           Power      Damage    Failure   Level
 Passwall                 Erth           16%        N/A       9%          3
 Hailstorm                Conj/Ice       4%         3d5       41%         3
 Frozen Ramparts          Ice            4%         1d1       50%         3
 Ozocubu's Armour         Ice            2%         N/A       50%         3
 Summon Ice Beast         Ice/Summ       2%         N/A       50%         3
 Brom's Barrelling Bould  Conj/Erth      11%        2d3       50%         4
 Leda's Liquefaction      Alch/Erth      4%         N/A       56%         4
 Petrify                  Alch/Erth      9%         N/A       56%         4
 Metabolic Englaciation   Hex/Ice        1%         N/A       99%         5
 Sculpt Simulacrum        Ice/Alch       1%         N/A       100%        6


Dungeon Overview and Level Annotations

Branches:
Dungeon (5/15)
 Temple: D:4-7

Altars:
Vehumet


Innate Abilities, Weirdness & Mutations

A weak demonic guardian rushes to your aid.
Your touch may inflict irresistible damage on your foes.


Message History

The hound barks!
The phantom hits you but does no damage.
You puncture the phantom!
The phantom is moderately damaged.
The phantom barely misses you.
Casting: Sandblast (safe; 2% risk of failure)
Confirm with . or Enter, or press ? or * to list all spells.
You don't know that spell.
Unknown command.
Unknown command.
Casting: Sandblast (safe; 2% risk of failure)
Confirm with . or Enter, or press ? or * to list all spells.
Aiming: Sandblast (safe; 2% risk of failure)
Press: ? - help, Shift-Dir - straight line, f/p - phantom
Aim: a phantom (moderately damaged, 75% to hit)
The blast of sand hits the phantom.
The phantom is heavily damaged.
The hound closely misses you.
The phantom hits you but does no damage.
The hound bites you.
Unknown command.
As you read the scroll labelled KALOUL FEAVEAS, it crumbles to dust.
It is a scroll of identify.
b - a scroll of immolation The hound bites you.
* * * LOW HITPOINT WARNING * * *
The phantom closely misses you.
As you read the scroll labelled LOAL RUROL, it crumbles to dust.
The water moccasin hisses angrily.
A wave of despondency washes over your surroundings.
It was a scroll of vulnerability.
The hound misses you. The phantom hits you.
* * * LOW HITPOINT WARNING * * *
A demonic guardian appears!
The phantom blinks!
You blink.
Found a stone staircase leading down.
The water moccasin barely misses you.
Okay, then.
It was a potion of enlightenment.
You feel very buoyant.
You fly up into the air.
The water moccasin closely misses you. The phantom hits you.
You die...

#....)..........#$#○#..
#..##..........§#$#○#..
#..)..###.##..†.#§#○#..
#.#####...###...#§#.#..
#..##...####....#.#.#..
#..#.....##.....#.#.#..
#.........#.....#.#.#>.
#........S(.....#.#.#..
#.......@..#....#.#.#..
#.....!..W......#.#.#..
..............§#.#.##
...........h...#.#.##
.....=....#....#.#.##
.>.......###..5#.#.##
..#.....## #####.#.##
######### #...## ######


You could see a water moccasin (weak-willed), a phantom (weak-willed), a hound
(weak-willed, ally target) and a friendly iron imp (summoned).

Vanquished Creatures
  A phantom (D:5)
  A hound (D:5)
  4 gnolls (D:3)
  2 adders
  2 dart slugs
  A ribbon worm (D:2)
  5 orcs
  5 endoplasms
  2 giant cockroaches (D:1)
  4 goblins
  3 hobgoblins
  5 ball pythons
  2 bats
  2 frilled lizards
  5 kobolds
  3 rats
47 creatures vanquished.

Vanquished Creatures (collateral kills)
  A dart slug (D:3)
1 creature vanquished.

Vanquished Creatures (others)
  A white imp (D:5)
1 creature vanquished.

Grand Total: 49 creatures vanquished

Notes
Turn   | Place    | Note
-------+----------+-------------------------------------------
     0 | D:1      | DemonSlayer the Demonspawn Earth Elementalist began the
                  | quest for the Orb.
     0 | D:1      | Reached XP level 1. HP: 13/13 MP: 3/3
    91 | D:1      | Found a faded altar of an unknown god.
   285 | D:1      | Reached skill level 3 in Earth Magic
   285 | D:1      | Gained mutation: Your touch may inflict minor irresistible
                  | damage on your foes. [demonic ancestry]
   285 | D:1      | Reached XP level 2. HP: 19/19 MP: 3/5
  1054 | D:2      | Gained mutation: Your touch may inflict irresistible damage
                  | on your foes. [demonic ancestry]
  1054 | D:2      | Reached XP level 3. HP: 24/24 MP: 2/6
  1113 | D:2      | Learned a level 3 spell: Stone Arrow
  1961 | D:3      | Gained mutation: A weak demonic guardian rushes to your
                  | aid. [demonic ancestry]
  1961 | D:3      | Reached XP level 4. HP: 23/30 MP: 3/8
  2214 | D:3      | You fall into a shaft and drop 2 floors!
  2214 | D:5      | Entered Level 5 of the Dungeon
  2234 | D:5      | Noticed a phantom
  2244 | D:5      | Found a radiant altar of Vehumet.
  2244 | D:5      | Noticed a phantom
  2245 | D:5      | Killed a phantom
  2246 | D:5      | Reached skill level 4 in Earth Magic
  2246 | D:5      | Reached XP level 5. HP: 32/35 MP: 4/10
  2248 | D:5      | Noticed a water moccasin
  2277 | D:5      | Slain by a phantom

Illustrated notes

Levels and vault maps discovered:
D:1:      psy_arrival_whirlpool, layout_loops_ring, shapermc_ecumenical_altar_gd
D:2:      layout_loops_ring
D:3:      layout_basic, chequers_serial_rivers_micro_e, st_stairs_8
D:5:      lemuel_ice_spiral_2, layout_rooms, fiery_altar_vehumet,
          wad_rectangle_vault, uniq_edmund

Skill      XL: |  1  2  3  4 |
---------------+-------------+-----
Earth Magic    | 3 4 |  4.6
Spellcasting   | 3 |  3.8
Fighting       | |  0.3
Dodging        | |  1.9
Stealth        | |  1.9
Conjurations   | |  1.0

Action                     |  1- 3 |  4- 6 || total
---------------------------+-------+-------++-------
  Melee: Unarmed           |     8 |       ||     8
         Dagger            |     6 |     2 ||     8
         Touch             |     1 |       ||     1
   Cast: Sandblast         |    56 |    23 ||    79
    Use: Potion            |       |     3 ||     3
         Scroll            |       |     2 ||     2
 Armour: Robe              |    20 |    18 ||    38
  Dodge: Dodged            |    25 |    20 ||    45
